 Dungeon Crawl Stone Soup version 0.30-a0-576-g89cddaab80 (webtiles) character file.

Game seed: 11332532669713719110

41 Shayle the Conjurer (level 3, 0/22 HPs)
             Began as a Tengu Reaver on Dec 30, 2022.
             Slain by a quokka (1 damage)
             ... on level 3 of the Dungeon.
             The game lasted 00:01:52 (918 turns).

Shayle the Conjurer (Tengu Reaver)                   Turns: 918, Time: 00:01:53

Health: 0/22       AC:  3    Str: 12    XL:     3   Next: 52%
Magic:  7/7        EV:  9    Int: 15    God:
Gold:   60         SH:  0    Dex: 12    Spells: 5/6 levels left

rFire   + . .      SeeInvis .    a - +0 short sword
rCold   + . .      Faith    .    (no shield)
rNeg    . . .      Spirit   .    b - +0 leather armour
rPois   +          Reflect  .    (helmet restricted)
rElec   +          Harm     .    (no cloak)
rCorr   +          Rampage  .    (no gloves)
Will    .....                    (boots unavailable)
Stlth   +                        (no amulet)
HPRegen 0.23/turn                (no ring)
MPRegen 0.10/turn                (no ring)

@: brilliant, resistant, hasted, constricted, very quick
A: beak, talons 3
a: no special abilities


You were on level 3 of the Dungeon.
You visited 1 branch of the dungeon, and saw 3 of its levels.

You collected 60 gold pieces.

Inventory:

Hand Weapons
 a - a +0 short sword (weapon)
Armour
 b - a +0 leather armour (worn)
Scrolls
 d - 2 scrolls of identify {unknown}
 f - a scroll of enchant armour {unknown}
Potions
 c - a potion of heal wounds {unknown}
 h - a potion of brilliance


   Skills:
 + Level 2.5 Fighting
 - Level 3.2 Short Blades
 + Level 2.8 Dodging
 - Level 2.0 Spellcasting
 - Level 4.0 Conjurations
 + Level 1.4 Necromancy
 + Level 0.9 Earth Magic


You had 5 spell levels left.
You knew the following spells:

 Your Spells              Type           Power      Damage    Failure   Level
a - Kiss of Death         Conj/Necr      56%        2d9       10%         1

Your spell library contained the following spells:

 Spells                   Type           Power      Damage    Failure   Level
 Momentum Strike          Conj/Tloc      22%        3d8       19%         2
 Hailstorm                Conj/Ice       11%        3d5       36%         3
 Confusing Touch          Hex            2%         N/A       63%         3
 Dispel Undead            Necr           8%         3d8       83%         4


Dungeon Overview and Level Annotations

Branches:
Dungeon (3/15)

Altars:
Sif Muna

Annotations:
D:2 Terence


Innate Abilities, Weirdness & Mutations

You have a beak for a mouth.
You have claws for feet.


Message History

You closely miss the adder.
The adder is moderately wounded.
The adder bites you but does no damage. x2
You closely miss the adder.
The adder is moderately wounded.
The adder misses you. The adder bites you.
You are poisoned.
The adder poisons you! The ball python bites you.
The ball python closely misses you.
You miss the adder. Your kick misses the adder. Your peck misses the adder.
The adder is moderately wounded.
You feel sick. The adder closely misses you. The adder barely misses you.
The ball python bites you but does no damage.
The ball python grabs you. The ball python constricts you.
You hit the adder. Your kick misses the adder.
The adder is heavily wounded.
You feel sick. The adder bites you. The adder closely misses you.
The ball python closely misses you. The ball python constricts you.
The quokka bites you.
It was a potion of brilliance.
You feel clever all of a sudden.
You feel sick. The adder bites you but does no damage.
The adder barely misses you.
The ball python bites you but does no damage.
The ball python constricts you. The quokka bites you.
* * * LOW HITPOINT WARNING * * *
The adder closely misses you. The adder bites you.
* * * LOW HITPOINT WARNING * * *
It was a potion of haste.
You feel yourself speed up.
You feel sick.
You are no longer poisoned.
The ball python misses you. The ball python constricts you.
* * * LOW HITPOINT WARNING * * *
The quokka closely misses you. The adder bites you.
* * * LOW HITPOINT WARNING * * *
The adder bites you but does no damage.
It was a potion of resistance.
You feel protected. The ball python barely misses you.
The ball python constricts you. The adder bites you but does no damage.
The quokka bites you.
You die...

####### ##
##.....##...
##.=.........
#....Sr......
#....@S......
#.....S.?....
#............
#...........$
#............
##....)......
##.....##...
####### ###


You could see 2 adders, a quokka and a ball python.

Vanquished Creatures
  A gnoll (D:1)
  An adder (D:2)
  2 ball pythons
  An endoplasm (D:1)
  2 giant cockroaches
  3 goblins
  A hobgoblin (D:1)
  2 jackals (D:1)
  2 bats
  A frilled lizard (D:2)
  5 kobolds
  A rat (D:1)
22 creatures vanquished.

Notes
Turn   | Place    | Note
-------+----------+-------------------------------------------
     0 | D:1      | Shayle the Tengu Reaver began the quest for the Orb.
     0 | D:1      | Reached XP level 1. HP: 12/12 MP: 4/4
   298 | D:1      | Reached XP level 2. HP: 17/17 MP: 6/6
   519 | D:1      | Reached skill level 1 in Necromancy
   614 | D:1      | Reached XP level 3. HP: 15/21 MP: 5/7
   810 | D:2      | Found a shimmering blue altar of Sif Muna.
   881 | D:2      | Noticed Terence
   917 | D:3      | HP: 1/22 [adder (2)]
   918 | D:3      | Slain by a quokka

Illustrated notes

Levels and vault maps discovered:
D:1:      spicycebolla_arrival_clurvy, layout_basic, minmay_split_cup_small
D:2:      layout_rooms, hellmonk_ecumenical_altar_inner_sanctum, basic_altar,
          uniq_terence
D:3:      layout_rooms, serial_shops, shop_fountains

Skill      XL: |  1  2 |
---------------+-------+-----
Necromancy     | 1 |  1.4
Fighting       | |  2.5
Short Blades   | |  3.2
Dodging        | |  2.8
Spellcasting   | |  2.0
Conjurations   | |  4.0
Earth Magic    | |  0.9

Action                   || total
-------------------------++-------
Melee: Short sword       ||    72
       Kick              ||    17
       Peck              ||     6
 Cast: Kiss of Death     ||     1
  Use: Potion            ||     3
Armor: Leather armour    ||    29
Dodge: Dodged            ||    54

Table legend: (Time is in decaauts)
 A = Elapsed time spent in this place.
 B = Non-inter-level travel time spent in this place.
 C = Inter-level travel time spent in this place.
 D = Time resting spent in this place.
 E = Time spent auto-exploring this place.
 F = Levels seen in this place.
 G = Mean time per level.
                   A        B        C        D        E       F      G
               +--------+--------+--------+--------+--------+-----+--------+
         Total |    906 |    843 |     63 |     19 |    619 |   3 |  302.0 |
       Dungeon |    906 |    843 |     63 |     19 |    619 |   3 |  302.0 |
               +--------+--------+--------+--------+--------+-----+--------+

Top non-repeatable levels by time:
     D:1: 803 daAuts
     D:2: 94 daAuts
     D:3: 8 daAuts
